Map: Port Aleksander LE

Players

Cham - Winner!

  • Race: Zerg Zerg
  • Spawn Location: 11:00

fps

  • Race: Protoss Protoss
  • Spawn Location: 5:00

Event: 2019 WCS Spring

VOD

Have the link to the VOD?

Description

Time

  • Played on: May 17, 2019, 6:23 a.m.
  • Length: 7:19

All games in this series

Show
View Real Time Build Order
Export as new Build Order

Cham Zerg - Winner!

Build Orders: Hatch First 

Get SALT Encoding   

  12  0:01  Drone  
  13  0:08  Drone  
  14  0:20  Overlord  
  14  0:38  Drone x2  
  16  0:48  Hatchery  
  15  0:53  Drone  
  15  0:56  Drone  
  17  1:03  Drone  
  18  1:11  Extractor  
  18  1:17  Spawning Pool  
  16  1:18  Drone  
  16  1:22  Drone  
  18  1:32  Drone  
  19  1:43  Drone  
  20  1:57  Drone  
  21  2:04  Queen x2  
  21  2:05  Zergling x4  
  27  2:13  Metabolic Boost  
  27  2:15  Overlord  
  27  2:19  Drone  
  28  2:32  Overlord  
  28  2:41  Hatchery  
  27  2:45  Drone  
  27  2:46  Drone  
  30  2:51  Drone x2  
  30  2:57  Queen  
  33  3:03  Drone x2  
  35  3:11  Overlord  
  35  3:12  Drone  
  36  3:16  Drone x2  
  36  3:17  Drone  
  39  3:21  Drone  
  39  3:25  Zergling x4  
  42  3:28  Drone  
  42  3:29  Drone  
  42  3:32  Overlord  
  44  3:40  Overlord  
  44  3:41  Drone  
  44  3:46  Drone x3  
  48  3:52  Drone x3  
  51  3:57  Queen  
  51  3:59  Queen  
  55  4:05  Drone  
  55  4:06  Spore Crawler  
  55  4:07  Drone x2  
  55  4:08  Drone  
  58  4:10  Drone  
  58  4:12  Drone  
  58  4:14  Drone  
  61  4:19  Drone x2  
  61  4:20  Overlord  
  61  4:23  Drone  
  64  4:31  Overlord  
  64  4:34  Lair  
  64  4:37  Roach Warren  
  63  4:38  Drone  
  63  4:39  Drone x5  
  63  4:41  Drone  
  63  4:42  Drone  
  71  4:49  Overlord, Drone  
  72  4:53  Extractor  
  72  4:54  Extractor  
  72  4:55  Extractor, Drone  
  72  4:56  Extractor, Drone  
  72  4:57  Extractor, Drone x2  
  71  5:01  Drone  
  71  5:02  Overlord  
  71  5:04  Overlord  
  72  5:10  Drone x6  
  78  5:21  Evolution Chamber  
  78  5:22  Overlord  
  78  5:25  Drone x3  
  78  5:27  Queen x2  
  84  5:29  Overlord  
  84  5:31  Overlord  
  84  5:32  Glial Reconstitution  
  84  5:38  Roach  
  84  5:39  Roach x4  
  94  5:44  Roach x2  
  94  5:45  Roach  
  94  5:48  Roach x2  
  104  5:53  Roach x3  
  104  5:55  Roach  
  104  5:56  Roach  
  114  6:01  Roach  
  116  6:09  Nydus Network, Queen  
  116  6:10  Queen  
  118  6:13  Queen  
  120  6:22  Overlord x2  
  120  6:24  Drone  
  121  6:25  Overlord  
  121  6:42  Roach x6  
  121  6:43  Roach x2  
  121  6:45  Nydus Canal  
  137  6:55  Roach  
  137  6:56  Roach x3  
  137  6:58  Roach  
  144  7:19  Nydus Canal  
Show
View Real Time Build Order
Export as new Build Order

fps Protoss 

Build Orders: Oracle Opening, Phoenix Opening, Zealot Archon 

Get SALT Encoding   

  12  0:01  Probe  
  13  0:13  Probe  
  14  0:21  Pylon  
  14  0:25  Probe  
  15  0:41  Probe, Gateway  
  16  0:49  Probe  
  16  0:55  Assimilator  
  17  0:57  Probe  
  18  1:09  Probe  
  19  1:21  Probe  
  20  1:45  Probe  
  21  1:50  Nexus  
  21  1:54  Cybernetics Core  
  21  1:57  Probe  
  21  1:59  Assimilator  
  22  2:04  Pylon  
  22  2:09  Probe  
  23  2:23  Probe  
  23  2:28  Adept  
  24  2:33  Stargate  
  24  2:35  Probe  
  24  2:41  Warp Gate  
  24  2:43  Gateway  
  26  2:47  Probe  
  27  2:57  Stalker  
  29  2:59  Probe  
  29  3:03  Probe, Shield Battery  
  31  3:11  Probe  
  32  3:14  Probe  
  33  3:20  Phoenix  
  33  3:22  Probe  
  33  3:23  Probe  
  37  3:27  Assimilator  
  37  3:30  Probe  
  37  3:35  Probe  
  39  3:42  Probe  
  39  3:45  Oracle  
  43  3:54  Probe  
  44  3:57  Twilight Council  
  44  4:01  Gateway  
  44  4:03  Pylon  
  44  4:07  Probe x2  
  46  4:14  Assimilator  
  46  4:21  Probe x2  
  48  4:24  Charge  
  48  4:25  Pylon  
  48  4:32  Robotics Facility  
  48  4:33  Probe x2  
  48  4:37  Gateway  
  52  4:45  Probe x2  
  49  4:54  Phoenix  
  49  4:57  Probe x2  
  53  5:10  Gateway  
  53  5:12  Immortal, Gateway  
  53  5:13  Gateway  
  53  5:16  Probe x2  
  55  5:28  Probe x2  
  61  5:41  Gateway  
  61  5:48  Templar Archives  
  61  5:59  Pylon  
  61  6:01  Pylon  
  61  6:03  Pylon  
  61  6:04  Pylon  
  61  6:06  Pylon  
  61  6:08  Pylon  
  61  6:10  Pylon  
  61  6:15  Nexus  
  61  6:16  Warp Prism  
  61  6:20  Sentry x2  
  61  6:21  Zealot x2  
  61  6:22  Zealot x2  
  75  6:34  Pylon  
  75  6:36  High Templar  
  75  6:39  High Templar  
  79  6:45  Archon  
  79  6:47  High Templar x2  
  80  6:50  Zealot x4  
  88  7:01  Archon  
Tags
 
Add a new tag
Caveats
  • Supply blocks, unpowered buildings, or Contaminate may cause inaccurate times.
  • Supply counts are checked every 10 seconds.